 Dungeon Crawl Stone Soup version 0.19-a0-1889-g9c603be (webtiles) character file.

9283 suicidejoker the Covert (level 11, 0/76 HPs)
             Began as a Demonspawn Enchanter on Oct 17, 2016.
             Succumbed to Rhandor's ghost's poison
             ... on level 11 of the Dungeon on Oct 18, 2016.
             The game lasted 00:45:49 (12539 turns).

suicidejoker the Covert (Demonspawn Enchanter)     Turns: 12539, Time: 00:45:50

Health: 0/76       AC: 10    Str: 16    XL:     11   Next: 21%
Magic:  18/20      EV: 15    Int: 17    God:
Gold:   562        SH:  0    Dex: 16    Spells: 7 memorised, 2 levels left

rFire  + . .     SeeInvis +     e - +6 short sword
rCold  + + .     Gourm    .     o - +2 robe {Archmagi}
rNeg   . . .     Faith    .     (no shield)
rPois  +         Spirit   .     D - +0 mask of the Dragon {MR+ Slay+3 SInv}
rElec  +         Reflect  .     (no cloak)
rCorr  +         Harm     .     (no gloves)
MR     +....                    (no boots)
Stlth  +++.......               I - amulet of rage
                                C - +2 ring of dexterity
                                (no ring)

@: confused, mighty, lethally poisoned (0 -> -54), resistant, very slightly
contaminated, hasted, very quick
A: claws 2, talons 1, iridescent scales 3, cold resistance 1, nightstalker 1,
powered by death 1
a: Evoke Berserk Rage


You were on level 11 of the Dungeon.
You were hungry.

You visited 1 branch of the dungeon, and saw 11 of its levels.

You collected 562 gold pieces.

Inventory:

Hand Weapons
 e - a +6 short sword (weapon)
 j - a +1 dagger of speed
 k - a +0 shortbow
 m - a +6 scimitar
 n - a +0 short sword of freezing
Missiles
 l - 5 tomahawks of dispersal
 v - 4 silver tomahawks (quivered)
 w - 5 tomahawks
 y - 107 arrows
 z - 38 poisoned needles
 S - 5 javelins
Armour
 o - a +2 robe of the Archmagi (worn)
 D - the +0 mask of the Dragon (worn) {MR+ Slay+3 SInv}
   (You found it on level 11 of the Dungeon)

   It affects your accuracy and damage with ranged weapons and melee attacks
   (+3).
   It affects your resistance to hostile enchantments.
   It lets you see invisible.
Magical Staves
 f - an uncursed staff of fire {unknown}
Jewellery
 C - a +2 ring of dexterity (right claw)
 I - an amulet of rage (around neck)
Wands
 q - a wand of flame (8/48)
 r - a wand of lightning (9/15)
 A - a wand of random effects (12/48)
 M - a wand of teleportation (5/9)
 P - a wand of flame (20/48)
Scrolls
 a - 3 scrolls of enchant armour
 h - 4 scrolls of magic mapping
 i - a scroll of identify
 t - a scroll of remove curse
 x - a scroll of amnesia {unknown}
 F - a scroll of recharging
 J - a scroll of teleportation
 L - a scroll of fog
 R - 3 scrolls of fear
 X - 2 scrolls of blinking
Potions
 E - a potion of resistance
 G - a potion of haste
 H - 2 potions of mutation
 N - a potion of might
 V - a potion of brilliance
Books
 b - a book of Clouds

   Spells                             Type                      Level
   a - Mephitic Cloud                 Conjuration/Poison/Air       3
   b - Conjure Flame                  Conjuration/Fire             3
   c - Poisonous Cloud                Conjuration/Poison/Air       6
   d - Freezing Cloud                 Conjuration/Ice/Air          6
   e - Ring of Flames                 Charms/Fire                  7
 c - a book of Maledictions

   Spells                             Type                      Level
   a - Corona                         Hexes                        1
   b - Ensorcelled Hibernation        Hexes/Ice                    2
   c - Confuse                        Hexes                        3
   d - Tukima's Dance                 Hexes                        3
   e - Dazzling Spray                 Conjuration/Hexes            3
 p - a book of Conjurations

   Spells                             Type                      Level
   a - Magic Dart                     Conjuration                  1
   b - Searing Ray                    Conjuration                  2
   c - Dazzling Spray                 Conjuration/Hexes            3
   d - Fulminant Prism                Conjuration/Hexes            4
   e - Iskenderun's Mystic Blast      Conjuration                  4
   f - Iskenderun's Battlesphere      Conjuration/Charms           5
 K - a book of Debilitation

   Spells                             Type                      Level
   a - Corona                         Hexes                        1
   b - Slow                           Hexes                        2
   c - Gell's Gravitas                Hexes/Translocation          3
   d - Inner Flame                    Hexes/Fire                   3
   e - Cause Fear                     Hexes                        4
   f - Leda's Liquefaction            Hexes/Earth                  4
 U - a book of Necromancy

   Spells                             Type                      Level
   a - Pain                           Necromancy                   1
   b - Animate Skeleton               Necromancy                   1
   c - Vampiric Draining              Necromancy                   3
   d - Regeneration                   Charms/Necromancy            3
   e - Animate Dead                   Necromancy                   4
   f - Control Undead                 Necromancy                   4
Comestibles
 s - 12 fruits
 u - 3 meat rations
 Q - 9 royal jellies
 T - 3 beef jerkies
 W - a slice of pizza
 Y - 4 chunks of flesh
 Z - a bread ration


   Skills:
 + Level 3.9 Fighting
 + Level 7.2(7.3) Short Blades
 + Level 1.8(4.9) Long Blades
 + Level 0.1 Armour
 + Level 5.0 Dodging
 + Level 9.4 Stealth
   Level 0.1 Shields
 + Level 6.0 Spellcasting
 + Level 0.2 Conjurations
 + Level 7.3 Hexes
 * Level 3.2 Necromancy
 + Level 4.1 Ice Magic
 + Level 0.4 Evocations


You had 2 spell levels left.
You knew the following spells:

 Your Spells              Type           Power        Failure   Level  Hunger
a - Corona                Hex            #####..      1%          1    None
b - Ensorcelled Hibernat  Hex/Ice        #####.       1%          2    None
c - Confuse               Hex            #####...     1%          3    ##.....
d - Mephitic Cloud        Conj/Pois/Air  #.......     38%         3    ##.....
e - Regeneration          Chrm/Necr      ###.......   21%         3    ##.....
f - Animate Dead          Necr           N/A          38%         4    ####...
g - Control Undead        Necr           ###.......   38%         4    ####...


Dungeon Overview and Level Annotations

Branches:
Dungeon (11/15)              Lair (0/6) D:8
 Temple: D:4-7          Orc: D:9-12

Altars:
Ashenzari
Gozag
Kikubaaqudgha
Makhleb
Nemelex Xobeh
Qazlal
Uskayaw

Shops:
D:4 =[   D:9 [

Annotations:
D:10 Gastronok
D:11 Rhandor's ghost, journeyman DsGl


Innate Abilities, Weirdness & Mutations

You have very sharp fingernails.
You are completely covered in iridescent scales. (AC +6)
You are slightly more attuned to the shadows.
You regenerate a little health from kills.
You have sharp toenails.
Your flesh is cold resistant. (rC+)


Message History

* * * LOW HITPOINT WARNING * * *
You feel sick.
You're too confused to move!
* * * LOW HITPOINT WARNING * * *
You feel very sick. Rhandor's ghost hits you.
* * * LOW HITPOINT WARNING * * *
You are more poisoned.
You're too confused!
You feel protected.
* * * LOW HITPOINT WARNING * * *
You feel very sick.
You bump into the rock wall.
* * * LOW HITPOINT WARNING * * *
You feel sick. Rhandor's ghost hits you.
* * * LOW HITPOINT WARNING * * *
You are more poisoned.
You're too confused!
You bump into the rock wall.
You die...

#.# #.##.#...#####. #.###
#.##........... #...#
#.####...####.. ###.# #.# ##.##
#.. #.# #.# #.# #.. #.# #.# #.#
###.. #.# #.# #.###.... #.#
#######.# #........ #.#
#.)W@...# #####.##. #.#
#.####### #.... #.# #.# #####
#.# #C# ##### #.# #.# #.... #.#
#.###### #.### #.###
#......##########.#
######...####..###............#
.......#.)[.)..# #.###.#####..#


You could see Rhandor's ghost.

Vanquished Creatures
  An ugly thing (D:8)
  A hill giant (D:11)
  A gargoyle (D:11)
  A centaur skeleton (D:11)
  A komodo dragon (D:11)
  A troll (D:9)
  A two-headed ogre (D:11)
  2 hippogriffs
  2 wyverns (D:8)
  5 yaks
  A basilisk (D:8)
  2 hungry ghosts
  2 soldier ants (D:9)
  2 porcupines (D:8)
  A hornet zombie (D:9)
  3 ice beasts
  4 sky beasts
  4 orc warriors
  4 phantoms
  3 centaurs
  3 ogres
  A crocodile (D:8)
  3 big kobolds
  4 bullfrogs
  3 scorpions
  12 killer bees
  5 wights
  A howler monkey (D:4)
  7 crimson imps
  A bullfrog zombie (D:7)
  A jelly (D:8)
  6 hounds
  3 orc priests
  A bullfrog skeleton (D:4)
  9 iguanas
  11 worker ants
  Ijyb (D:3)
  5 orc wizards
  A hound zombie (D:5)
  A worker ant zombie (D:6)
  14 adders
  2 howler monkey skeletons (D:6)
  5 river rats (D:8)
  A shadow imp (D:7)
  2 adder zombies (D:8)
  6 worms
  A dart slug (D:1)
  6 leopard geckos
  31 orcs
  9 bats
  9 giant cockroaches
  5 goblins
  7 hobgoblins
  8 jackals
  A quokka (D:8)
  2 ball pythons
  5 frilled lizards
  19 kobolds
  6 rats
260 creatures vanquished.

Vanquished Creatures (others)
  2 fungi (D:8)
  A plant (D:8)
3 creatures vanquished.

Grand Total: 263 creatures vanquished

Notes
Turn   | Place    | Note
-------+----------+-------------------------------------------
     0 | D:1      | suicidejoker the Demonspawn Enchanter began the quest for the Orb.
     0 | D:1      | Reached XP level 1. HP: 13/13 MP: 3/3
   211 | D:1      | Gained mutation: You are partially covered in iridescent scales. (AC +2) [demonic ancestry]
   211 | D:1      | Reached XP level 2. HP: 9/19 MP: 5/5
   215 | D:1      | Learned a level 2 spell: Ensorcelled Hibernation
   455 | D:1      | Reached skill level 1 in Short Blades
   753 | D:1      | Reached skill level 3 in Stealth
  1519 | D:2      | Gained mutation: You have sharp fingernails. [demonic ancestry]
  1519 | D:2      | Reached XP level 3. HP: 11/24 MP: 6/6
  1891 | D:2      | Learned a level 3 spell: Confuse
  1958 | D:2      | Reached XP level 4. HP: 16/30 MP: 2/7
  2614 | D:3      | Found a burning altar of Makhleb.
  2666 | D:3      | Noticed Ijyb
  2671 | D:3      | Killed Ijyb
  2965 | D:3      | Reached XP level 5. HP: 35/35 MP: 8/8
  3628 | D:4      | Found Loc Kak's Jewellery Boutique.
  3648 | D:3      | Reached skill level 4 in Stealth
  3648 | D:3      | Reached skill level 1 in Ice Magic
  3939 | D:3      | HP: 2/52 [wight/great sword (2)]
  3953 | D:3      | HP: 4/81 [wight/enchanted short sword (1)]
  3958 | D:3      | Gained mutation: You are slightly more attuned to the shadows. [demonic ancestry]
  3958 | D:3      | Reached XP level 6. HP: 5/42 MP: 1/9
  4332 | D:4      | Reached skill level 1 in Fighting
  4348 | D:4      | Learned a level 3 spell: Mephitic Cloud
  4630 | D:4      | Found Sonaj's Armour Boutique.
  4881 | D:4      | Reached skill level 1 in Long Blades
  5061 | D:4      | Found a stormy altar of Qazlal.
  5061 | D:4      | Found an ancient bone altar of Kikubaaqudgha.
  5061 | D:4      | Found an opulent altar of Gozag.
  5162 | D:5      | Entered Level 5 of the Dungeon
  5172 | D:5      | Gained mutation: You are mostly covered in iridescent scales. (AC +4) [demonic ancestry]
  5172 | D:5      | Reached XP level 7. HP: 34/48 MP: 8/11
  5203 | D:5      | HP: 2/50 [poisoned by a scorpion]
  5211 | D:5      | HP: 2/50 [poisoned by a scorpion]
  5587 | D:5      | Got a heavily runed shield
  5600 | D:5      | Reached skill level 5 in Stealth
  5959 | D:5      | Found a sparkling altar of Nemelex Xobeh.
  6047 | D:5      | Gained mutation: You are completely covered in iridescent scales. (AC +6) [demonic ancestry]
  6047 | D:5      | Reached XP level 8. HP: 56/56 MP: 12/12
  6159 | D:5      | Found a shattered altar of Ashenzari.
  6166 | D:5      | Found a faded altar of an unknown god.
  6172 | D:5      | Found a faded altar of an unknown god.
  6173 | D:5      | Found a faded altar of an unknown god.
  6177 | D:5      | Found a faded altar of an unknown god.
  6341 | D:6      | Identified the cursed -3 shield of a wizard's laboratory {MR+} (You found it on level 5 of the Dungeon)
  6426 | D:6      | Reached skill level 6 in Stealth
  6571 | D:6      | Reached skill level 5 in Hexes
  7044 | D:7      | Reached skill level 5 in Short Blades
  7174 | D:7      | Reached XP level 9. HP: 17/62 MP: 9/14
  7220 | D:7      | Gained mutation: Your flesh is cold resistant. (rC+) [mutagenic meat]
  7223 | D:7      | Gained mutation: You have sharp toenails. [mutagenic meat]
  7937 | D:7      | Reached skill level 7 in Stealth
  8520 | D:8      | Noticed a cyan ugly thing
  8529 | D:8      | Killed a cyan ugly thing
  8560 | D:8      | Found a staircase to the Lair.
  8830 | D:8      | Gained mutation: You have very sharp fingernails. [demonic ancestry]
  8830 | D:8      | Reached XP level 10. HP: 56/70 MP: 12/17
  9067 | D:8      | Reached skill level 8 in Stealth
  9222 | D:8      | Reached skill level 5 in Spellcasting
 10005 | D:9      | Found Ucou's Antique Armour Boutique.
 10891 | D:9      | Found a hide-covered altar of Uskayaw.
 11391 | D:10     | Entered Level 10 of the Dungeon
 11423 | D:10     | Learned a level 3 spell: Regeneration
 11428 | D:10     | Learned a level 4 spell: Animate Dead
 11433 | D:10     | Learned a level 4 spell: Control Undead
 11497 | D:10     | Noticed Gastronok
 11706 | D:11     | Noticed a gargoyle
 11713 | D:11     | Killed a gargoyle
 11713 | D:11     | Reached skill level 9 in Stealth
 11713 | D:11     | Reached skill level 1 in Necromancy
 11928 | D:11     | Noticed Rhandor's ghost (journeyman DsGl)
 12206 | D:11     | Reached skill level 5 in Dodging
 12339 | D:11     | Gained mutation: You regenerate a little health from kills. [demonic ancestry]
 12339 | D:11     | Reached XP level 11. HP: 76/76 MP: 12/19
 12510 | D:11     | Noticed a hill giant
 12527 | D:11     | Killed a hill giant
 12538 | D:11     | HP: 1/76 [Rhandor's ghost (6)]
 12539 | D:11     | Succumbed to Rhandor's ghost's poison

Vault maps used:
D:1:      dpeg_arrival_windows_large_door
D:3:      nicolae_overflow_hidden_temple, bloody_makhleb, uniq_iyjb
D:4:      gammafunk_temple_overflow_claw, serial_shops, shop, shop, first_bread,
          dk_noncrumbling_3, lemuel_blue_sif_altar
D:5:      chequers_temple_overflow_minitemple, nemelex_xobeh_ov_fountains_minmay
D:8:      minmay_lair_entry_grove
D:9:      nicolae_overflow_crystal_walls, serial_shops, shop,
          hangedman_pestilent_swarm
D:10:     david_orc_1_choice, serial_bayou_lagoon_a, uniq_grum, uniq_harold,
          uniq_gastronok
D:11:     grunt_ministairs_2

Skill      XL: |  1  2  3  4  5  6  7  8  9 10 11 |
---------------+----------------------------------+-----
Short Blades   | 1 2 3 5 6 7 |  7.2
Stealth        | 3 4 5 6 7 9 |  9.4
Dodging        | 2 3 4 5 |  5.0
Ice Magic      | 1 2 3 4 |  4.1
Fighting       | 1 2 3 |  3.9
Hexes          | 4 5 6 7 |  7.3
Long Blades    | 1 |  1.8
Spellcasting   | 3 4 5 6 |  6.0
Necromancy     | 2 3 |  3.2
Armour         | |  0.1
Shields        | |  0.1
Conjurations   | |  0.2
Evocations     | |  0.4

Action                   |  1- 3 |  4- 6 |  7- 9 | 10-12 || total
-------------------------+-------+-------+-------+-------++-------
Melee: Dagger            |   168 |   216 |       |       ||   384
       Scimitar          |       |    30 |       |       ||    30
       Short sword       |       |     7 |   267 |   228 ||   502
       Kick              |       |       |    27 |    40 ||    67
 Cast: Ensorcelled Hiber |     7 |    11 |    31 |    49 ||    98
       Confuse           |       |     6 |    16 |    27 ||    49
       Mephitic Cloud    |       |       |       |     2 ||     2
Evoke: Wand              |       |       |     5 |     6 ||    11
  Use: Potion            |     1 |     4 |     2 |     8 ||    15
       Scroll            |       |    10 |     6 |     8 ||    24
 Stab: Sleeping          |     8 |    17 |    33 |    51 ||   109
       Confused          |       |     3 |     8 |    15 ||    26
       Distracted        |       |     1 |     1 |     3 ||     5
       Invisible         |       |       |     3 |       ||     3
  Eat: Chunk             |     4 |    10 |    13 |     6 ||    33
       Beef jerky        |       |     1 |       |       ||     1
       Bread ration      |       |       |     3 |     1 ||     4
       Pizza             |       |       |       |     1 ||     1
Armor: Robe              |    44 |    37 |   101 |    84 ||   266
       Skin              |       |     9 |       |    20 ||    29
       Chain mail        |       |       |     7 |       ||     7
Dodge: Dodged            |    81 |   109 |   154 |   166 ||   510
Block: Shield            |       |       |    17 |       ||    17
       Rpst.: Scimitar   |       |     5 |       |       ||     5
